 Dungeon Crawl Stone Soup version 0.29.1-15-g9cfb28693d (webtiles) character file.

Game seed: 16560441148572020080

55 KittyFluff the Trooper (level 3, -3/36 HPs)
             Began as a Gargoyle Berserker on Apr 9, 2023.
             Was a Believer of Trog.
             Slain by an orc priest
             ... wielding a +0 mace
              (5 damage)
             ... on level 3 of the Dungeon.
             The game lasted 00:08:31 (2419 turns).

KittyFluff the Trooper (Gargoyle Berserker)         Turns: 2419, Time: 00:08:31

Health: -3/36      AC:  8    Str: 20    XL:     3   Next: 93%
Magic:  3/3        EV: 11    Int:  7    God:    Trog [**....]
Gold:   92         SH:  0    Dex: 11    Spells: 2/2 levels left

rFire   . . .      SeeInvis .   a - +0 mace
rCold   . . .      Faith    .   (no shield)
rNeg    + . .      Spirit   .   f - +0 leather armour
rPois   ∞          Reflect  .   (no helmet)
rElec   +          Harm     .   j - +0 cloak
rCorr   .          Rampage  .   (no gloves)
Will    .....                   n - +0 pair of boots
Stlth   ..........              (no amulet)
HPRegen 0.12/turn               (no ring)
MPRegen 0.08/turn               (no ring)

@: berserking, very quick
A: sickness immunity, AC +3, negative energy resistance 1, electricity
resistance, torment resistance 1, petrification resistance
a: Renounce Religion, Berserk, Trog's Hand


You were on level 3 of the Dungeon.
You worshipped Trog.
Trog was pleased with you.
You visited 1 branch of the dungeon, and saw 3 of its levels.

You collected 92 gold pieces.

Inventory:

Hand Weapons
 a - a +0 mace (weapon)
 r - a +0 sling of flaming
Missiles
 g - 4 poisoned darts
 h - 17 stones (quivered)
Armour
 f - a +0 leather armour (worn)
 j - a +0 cloak (worn)
 n - a +0 pair of boots (worn)
Scrolls
 c - a scroll of enchant armour {unknown}
 e - a scroll of acquirement {unknown}
 l - 2 scrolls of magic mapping {unknown}
 m - 2 scrolls of butterflies {unknown}
 o - a scroll of vulnerability {unknown}
Potions
 b - a potion of mutation
 d - 3 potions of haste
 i - a potion of might
 k - 3 potions of curing {unknown}
 p - a potion of invisibility {unknown}


   Skills:
 + Level 3.8 Fighting
 + Level 3.5 Maces & Flails
 * Level 2.8 Armour
 + Level 2.0 Dodging
 + Level 0.4 Stealth


You had 2 spell levels left.
You didn't know any spells.
Your spell library was empty.

Dungeon Overview and Level Annotations

Branches:
Dungeon (3/15)

Altars:


Innate Abilities, Weirdness & Mutations

You are immune to sickness and miasma.
Your stone body is resilient. (AC +3)
You are immune to poison.
You resist negative energy. (rN+)
You are resistant to electric shocks. (rElec)
You are resistant to unholy torment.
You are immune to petrification.


Message History

An orc priest comes into view. It is wielding a +0 mace.
You hit the orc priest.
The orc priest is moderately wounded.
The orc priest hits you with a +0 dagger.
You barely miss the orc priest.
The orc priest is moderately wounded.
The orc priest hits you with a +0 dagger.
You barely miss the orc priest.
The orc priest is lightly wounded.
The orc priest closely misses you.
You hit the orc priest but do no damage.
The orc priest is lightly wounded.
The orc priest invokes the aid of Beogh against you.
Beogh smites you!
Ouch! That really hurt!
The orc priest casts a cantrip, but nothing happens.
The orc priest hits you but does no damage.
You hear a shout! x2
You barely miss the orc priest.
The orc priest is lightly wounded.
You hear a shout!
You hit the orc priest but do no damage.
The orc priest is lightly wounded.
The orc priest hits you but does no damage.
The orc priest hits you with a +0 mace.
* * * LOW HITPOINT WARNING * * *
A red film seems to cover your vision as you go berserk!
You feel yourself moving faster!
You feel mighty! The orc priest closely misses you.
The orc priest hits you with a +0 mace!
* * * LOW HITPOINT WARNING * * *
You closely miss the orc priest.
The orc priest is lightly wounded.
The orc priest barely misses you.
The orc priest mumbles some strange prayers to Beogh against you.
Pain shoots through your body!
* * * LOW HITPOINT WARNING * * *
You hit the orc priest.
The orc priest is heavily wounded.
The orc priest hits you with a +0 mace.
You die...

#.# #.# #.#
#.# #.# #.#
#.#
#########.#
#@o.......#
#o#########
...# o.##.#
..o #.# ..
#.# # #..
###


You could see 2 orc priests.

Vanquished Creatures
  A worm (D:3)
  2 dart slugs
  7 ball pythons
  7 bats
  3 endoplasms
  3 hobgoblins (D:1)
  3 quokkas
  2 frilled lizards
  10 goblins
  A kobold (D:1)
  7 rats
46 creatures vanquished.

Vanquished Creatures (others)
  15 plants (D:3)
15 creatures vanquished.

Grand Total: 61 creatures vanquished

Notes
Turn   | Place    | Note
-------+----------+-------------------------------------------
     0 | D:1      | KittyFluff the Gargoyle Berserker began the quest for the
                  | Orb.
     0 | D:1      | Reached XP level 1. HP: 14/14 MP: 1/1
   512 | D:1      | Reached XP level 2. HP: 13/19 MP: 2/2
  1064 | D:1      | Found a faded altar of an unknown god.
  1129 | D:1      | Reached XP level 3. HP: 23/24 MP: 3/3
  1313 | D:2      | Reached ** piety under Trog
  2419 | D:3      | Slain by an orc priest

Illustrated notes

Levels and vault maps discovered:
D:1:      mrwooster_arrival_statue_3, layout_rooms,
          ebering_ecumenical_altar_abandoned
D:2:      layout_basic
D:3:      kennysheep_six_static_rooms, layout_basic,
          mainiacjoe_overflow_chevrons, kennysheep_pointless_box

Skill      XL: |  1  2  3 |
---------------+----------+-----
Dodging        | 2 |  2.0
Fighting       | |  3.8
Maces & Flails | |  3.5
Armour         | |  2.8
Stealth        | |  0.4

Action                   || total
-------------------------++-------
Melee: Mace              ||   139
       Punch             ||     3
Invok: Berserk           ||     1
  Use: Scroll            ||     4
Armor: Animal skin       ||    15
       Leather armour    ||    46
Dodge: Dodged            ||    86
